 Dungeon Crawl Stone Soup version 0.14-a0-1707-g75daffb (webtiles) character file.

1212 4tharraofdagon the Firebug (level 8, -8/41 HPs)
             Began as a Deep Elf Fire Elementalist on Jan 1, 2014.
             Was a Follower of Vehumet.
             Mangled by an orc warrior
             ... wielding a cursed -1,+0 orcish glaive
              (17 damage)
             ... on Level 11 of the Dungeon.
             The game lasted 00:13:34 (1730 turns).

4tharraofdagon the Firebug (DEFE)                   Turns: 1730, Time: 00:13:37

HP  -8/41        AC  4     Str  5      XL: 8   Next: 19%
MP  12/25        EV 14     Int 23      God: Vehumet [*.....]
Gold 32          SH  0     Dex 15      Spells:  5 memorised,  3 levels left

rFire  . . .     SeeInvis +     k - +0,+1 spear (venom)
rCold  . . .     Clarity  .     G - +0 leather armour
rNeg   . . .     Conserve .     (no shield)
rPois  .         rCorr    .     j - +0 dwarf helmet
rElec  .         rRot     .     (no cloak)
SustAb . .       Spirit   .     (no gloves)
rMut   .         Warding  .     (no boots)
Saprov . . .     Stasis   .     (no amulet)
                                u - +4 ring of evasion
                                y - cursed ring of see invisible {unknown}

@: very slightly contaminated, hasted, very quick, somewhat resistant to hostile
enchantments, fairly stealthy
A: no striking features
a: Renounce Religion


You were on level 11 of the Dungeon.
You worshipped Vehumet.
Vehumet was aware of your devotion.
You were not hungry.

You visited 2 branches of the dungeon, and saw 12 of its levels.

You collected 119 gold pieces.
You spent 87 gold pieces at shops.

Inventory:

Hand weapons
 k - a +0,+1 spear of venom (weapon)
Armour
 j - a +0 dwarven helmet (worn)
 G - a +0 leather armour (worn)
Magical devices
 f - a wand of magic darts (9)
 o - a wand of paralysis (9)
 H - a wand of disintegration (18)
Comestibles
 c - 7 bread rations
 l - a meat ration
 p - 10 cheeses
 w - 2 chokos
 E - 2 beef jerkies
Scrolls
 d - a scroll of amnesia {unknown}
 g - 2 scrolls of immolation {unknown}
 i - a scroll of magic mapping {unknown}
 m - a scroll of random uselessness {unknown}
 n - 2 scrolls of remove curse {unknown}
 q - a scroll of identify {unknown}
 r - 2 scrolls of enchant weapon II {unknown}
 t - a scroll of enchant armour {unknown}
 x - a scroll of fog {unknown}
 B - a scroll of brand weapon {unknown}
 F - 2 scrolls of teleportation
Jewellery
 u - a +4 ring of evasion (right hand)
 y - a cursed ring of see invisible (left hand) {unknown}
Potions
 e - a potion of poison {unknown}
 z - a potion of mutation {unknown}
 A - a potion of beneficial mutation {unknown}
 C - a potion of invisibility {unknown}
Books
 b - a book of Flames

   Spells                             Type                      Level
   *Flame Tongue                      Conjuration/Fire             1
   Throw Flame                        Conjuration/Fire             2
   *Conjure Flame                     Conjuration/Fire             3
   Inner Flame                        Hexes/Fire                   3
   *Sticky Flame                      Conjuration/Fire             4
   *Fireball                          Conjuration/Fire             5
 D - a book of the Earth

   Spells                             Type                      Level
   *Dig                               Earth                        4
   Leda's Liquefaction                Hexes/Earth                  4
   Bolt of Magma                      Conjuration/Fire/Earth       5
   Statue Form                        Transmutation/Earth          6
   Iron Shot                          Conjuration/Earth            6
   Shatter                            Earth                        9
Magical staves
 v - an uncursed staff of earth
Rods
 a - a +2 lightning rod (9/9)
   (You found it on level 9 of the Dungeon)


   Skills:
 - Level 2.4 Dodging
 - Level 2.4 Stealth
 + Level 6.6 Spellcasting
 - Level 5.8 Conjurations
 - Level 6.9 Fire Magic
 * Level 3.9 Earth Magic


You had 3 spell levels left.
You knew the following spells:

 Your Spells              Type           Power        Failure   Level  Hunger
a - Flame Tongue          Conj/Fire      #####        1%          1    None
b - Conjure Flame         Conj/Fire      #####...     1%          3    #......
c - Sticky Flame          Conj/Fire      #####...     8%          4    ###....
d - Dig                   Erth           ####....     17%         4    ###....
e - Fireball              Conj/Fire      #####.....   17%         5    ####...


Dungeon Overview and Level Annotations

Branches:
Dungeon (11/16)            Temple (1/1) D:7             Orc (0/4) D:11
   Lair: D:8-11

Altars:
Ashenzari
Cheibriados
Elyvilon
Fedhas
Kikubaaqudgha
Makhleb
Nemelex Xobeh
Vehumet
the Shining One

Shops:
D:7 *

Annotations:
D:3 Ijyb
D:6 Grinder, Pikel


Message History

Drink which item? (? for menu, Esc to quit)
You feel yourself speed up.
The orc shouts!
The orc closely misses you. The orc barely misses you.
The orc wizard hits you with an orcish dagger.
* * * LOW HITPOINT WARNING * * *
You are very lightly contaminated with residual magic.
Unknown command.
Unknown command.
Unknown command.
Read which item? (? for menu, Esc to quit)
Okay, then.
Read which item? (? for menu, Esc to quit)
As you read the scroll labeled XORESA WIMP, it crumbles to dust.
You hear a loud clanging noise!
It was a scroll of noise.
You hear an angry growl.
You hear a loud, deep croak!
You hear a shout!
You hear a shout!
The orc warrior hits you with an orcish glaive!
You die...

###############
#o≈.oo@oo.oo...
###..ooo...oo..
#>.o..oo.oo8o.
###....$.o....
o≈........o..
#############


You could see 3 orc warriors, 3 orc wizards and 15 orcs.

Vanquished Creatures
  A hog (D:7)
  A human (D:7)
  An orc warrior (D:7)
  2 ogres
  A centaur (D:11)
  A crocodile (D:11)
  A giant frog (D:11)
  A hippogriff zombie (D:7)
  A yak skeleton (D:7)
  An orc wizard (D:7)
  2 hounds
  A scorpion (D:4)
  2 iguanas
  A worker ant (D:4)
  3 sheep (D:7)
  A big kobold skeleton (D:4)
  A worker ant zombie (D:7)
  3 gnolls
  3 adders
  A giant eyeball (D:7)
  A giant gecko (D:7)
  7 orcs
  A ball python (D:3)
  6 bats
  2 giant cockroaches
  2 goblins (D:4)
  5 hobgoblins
  3 jackals (D:6)
  2 quokkas
  3 kobolds
  5 rats
66 creatures vanquished.

Vanquished Creatures (others)
  A hobgoblin (D:6)
  A giant spore (D:6)
  A ballistomycete (D:6)
  A plant (D:11)
4 creatures vanquished.

Grand Total: 70 creatures vanquished

Notes
Turn   | Place    | Note
--------------------------------------------------------------
     0 | D:1      | 4tharraofdagon, the Deep Elf Fire Elementalist, began the quest for the Orb.
     0 | D:1      | Reached XP level 1. HP: 10/10 MP: 5/5
    89 | D:2      | Reached XP level 2. HP: 15/15 MP: 3/8
   244 | D:3      | Noticed Ijyb
   267 | D:3      | Noticed a giant frog
   307 | D:4      | Reached XP level 3. HP: 15/19 MP: 11/11
   312 | D:4      | Learned a level 3 spell: Conjure Flame
   332 | D:4      | Reached skill level 4 in Fire Magic
   419 | D:4      | Reached XP level 4. HP: 24/24 MP: 6/14
   429 | D:5      | Entered Level 5 of the Dungeon
   445 | D:4      | Learned a level 4 spell: Sticky Flame
   515 | D:6      | Found a burning altar of Makhleb.
   524 | D:6      | 3miscasts
   524 | D:6      | RIP
   640 | D:5      | RIP
   655 | D:6      | Noticed Grinder
   655 | D:6      | Noticed a centaur
   655 | D:6      | Noticed a water moccasin
   673 | D:5      | Noticed an ogre
   742 | D:4      | Reached XP level 5. HP: 14/28 MP: 4/18
   847 | D:5      | Reached skill level 5 in Fire Magic
   976 | D:7      | Found a staircase to the Ecumenical Temple.
   994 | D:7      | Noticed an orc warrior
  1021 | D:7      | Reached XP level 6. HP: 32/32 MP: 8/20
  1027 | Temple   | Entered the Ecumenical Temple
  1098 | Temple   | Became a worshipper of Vehumet
  1124 | D:7      | Found Atiunk's Assorted Antiques.
  1139 | D:7      | Killed an orc warrior
  1179 | D:7      | Reached skill level 5 in Spellcasting
  1197 | D:7      | Noticed an ogre
  1205 | D:7      | Killed an ogre
  1205 | D:7      | Reached skill level 6 in Fire Magic
  1213 | D:7      | Paralysed by a giant eyeball for 3 turns
  1236 | D:7      | Bought a scroll labeled BOXTAM TOYFO for 30 gold pieces
  1236 | D:7      | Bought a lumpy green potion for 27 gold pieces
  1236 | D:7      | Bought a scroll labeled WUDULU MOUXANT for 30 gold pieces
  1251 | D:6      | Noticed Pikel
  1251 | D:6      | Noticed a slave
  1251 | D:6      | Noticed a slave
  1251 | D:6      | Noticed a slave
  1251 | D:6      | Noticed a slave
  1266 | D:7      | Reached skill level 5 in Conjurations
  1266 | D:7      | Reached XP level 7. HP: 20/36 MP: 11/22
  1326 | D:7      | Noticed a hog
  1326 | D:7      | Noticed a human
  1338 | D:7      | Killed a hog
  1369 | D:7      | Killed a human
  1408 | D:7      | Learned a level 4 spell: Dig
  1475 | D:7      | Learned a level 5 spell: Fireball
  1613 | D:10     | Entered Level 10 of the Dungeon
  1640 | D:11     | Acquired Vehumet's first power
  1640 | D:11     | Offered knowledge of Magic Dart by Vehumet.
  1668 | D:11     | Noticed a water elemental
  1681 | D:11     | Reached XP level 8. HP: 31/41 MP: 10/25
  1724 | D:11     | Noticed a cyclops
  1728 | D:11     | Found a staircase to the Orcish Mines.
  1730 | D:11     | Mangled by an orc warrior

Action                   |  1- 3 |  4- 6 |  7- 9 || total
-------------------------+-------+-------+-------++-------
Melee: Spear             |    19 |    40 |     1 ||    60
       Unarmed           |     1 |       |       ||     1
 Cast: Flame Tongue      |    23 |    40 |    37 ||   100
       Conjure Flame     |     1 |     6 |     2 ||     9
       Sticky Flame      |       |     4 |     7 ||    11
Evoke: Wand              |       |     1 |     2 ||     3
  Use: Potion            |     5 |       |     1 ||     6
       Scroll            |     2 |       |     4 ||     6
 Stab: Sleeping          |     3 |     1 |       ||     4
